 Dungeon Crawl Stone Soup version 0.22-a0-44-geb883ae (webtiles) character file.

21179 KristoblXynda the Blocker (level 12, -13/97 HPs)
             Began as a Naga Fighter on Jan 6, 2018.
             Was the Champion of Okawaru.
             Mangled by a white ugly thing (26 damage)
             ... on level 11 of the Dungeon.
             The game lasted 00:28:27 (13608 turns).

KristoblXynda the Blocker (Naga Fighter)           Turns: 13608, Time: 00:28:28

Health: -13/97     AC: 29    Str: 21    XL:     12   Next: 87%
Magic:  27/27      EV:  8    Int: 13    God:    Okawaru [******]
Gold:   614        SH: 17    Dex: 13    Spells: 11/11 levels left

rFire    + . .     SeeInvis +   H - +2 scimitar
rCold    . . .     Gourm    .   c - +0 shield
rNeg     . . .     Faith    .   D - +11 scale mail of the Blessed Realm {+Blink +Inv rCorr}
rPois    +         Spirit   .   l - +1 hat
rElec    .         Reflect  +   q - +0 cloak
rCorr    +         Harm     .   (no gloves)
MR       +....                  G - +1 naga barding of the Trombone {MP+9}
Stlth    +++.......             t - +5 amulet of reflection
HPRegen  0.26/turn              g - +5 ring of slaying
MPRegen  0.20/turn              y - ring of protection from fire

@: very slow
A: large, yellow scales 1, see invisible, agile 1, clever 1, deformed body,
poison resistance, slowness 2, slow metabolism 1, spit poison 1, AC +4
a: Spit Poison, Heroism, Finesse, Renounce Religion, Evoke Blink, Evoke
Invisibility


You were on level 11 of the Dungeon.
You worshipped Okawaru.
Okawaru was exalted by your worship.
You were not hungry.

You visited 2 branches of the dungeon, and saw 14 of its levels.
You also visited: Sewer.

You collected 614 gold pieces.

Inventory:

Hand Weapons
 H - a +2 scimitar (weapon)
Armour
 c - a +0 shield (worn)
 l - a +1 hat (worn)
 q - a +0 cloak (worn)
 D - the +11 scale mail of the Blessed Realm (worn) {+Blink +Inv rCorr}
   (You found it on level 10 of the Dungeon)

   It lets you turn invisible.
   It lets you blink.
   It protects you from acid and corrosion.
 G - the +1 naga barding of the Trombone (worn) {MP+9}
   (Okawaru gifted it to you on level 11 of the Dungeon)

   It affects your magic capacity (+9).
Jewellery
 g - a +5 ring of slaying (left hand)
 i - an uncursed ring of magical power
 t - a +5 amulet of reflection (around neck)
 y - a ring of protection from fire (right hand)
Wands
 z - a wand of digging (22)
 B - a wand of paralysis (17)
 F - a wand of iceblast (8)
Scrolls
 e - 2 scrolls of immolation
 j - 2 scrolls of teleportation
 k - 6 scrolls of magic mapping
 m - 4 scrolls of remove curse
 o - a scroll of enchant armour
 p - a scroll of identify
 x - a scroll of amnesia
Potions
 b - 4 potions of flight
 h - 2 potions of resistance
 n - a potion of berserk rage
 r - 5 potions of haste
 s - 3 potions of mutation
 u - 4 potions of curing
 w - 2 potions of brilliance
Books
 v - a book of Misfortune

   Spells                             Type                      Level
   a - Confusing Touch                Hexes                        1
   b - Confuse                        Hexes                        3
   c - Gell's Gravitas                Translocation                3
   d - Petrify                        Transmutation/Earth          4
   e - Metabolic Englaciation         Hexes/Ice                    5
   f - Yara's Violent Unravelling     Hexes/Transmutation          5
Miscellaneous
 a - a phantom mirror
Comestibles
 f - 12 rations


   Skills:
 - Level 3.0 Fighting
 + Level 9.8 Long Blades
 - Level 6.0 Armour
 + Level 5.1 Dodging
 - Level 10.0 Stealth
 - Level 10.1 Shields
 + Level 8.2 Invocations
 + Level 7.3 Evocations


You had 11 spell levels left.
You didn't know any spells.

Dungeon Overview and Level Annotations

Branches:
Dungeon (13/15)            Temple (1/1) D:7            Lair (0/6) D:11
    Orc (0/2) D:11         Vaults (0/5) D:13

Altars:
Ashenzari
Cheibriados
Dithmenos
Elyvilon
Fedhas
Gozag
Hepliaklqana
Kikubaaqudgha
Makhleb
Nemelex Xobeh
Okawaru
Qazlal
Ru
Sif Muna
Trog
Uskayaw
Vehumet
Wu Jian
Xom
Yredelemnul
Zin
The Shining One

Shops:
D:4 (:}   D:8 =

Annotations:
D:13 Urug


Innate Abilities, Weirdness & Mutations

You cannot wear boots.
Your serpentine skin is tough. (AC +4)
You have supernaturally acute eyesight. (SInv)
Armour fits poorly on your strangely shaped body.
Your system is resistant to poisons. (rPois)
You cover ground very slowly.
You have a slow metabolism.
You can spit poison.
You are partially covered in yellow scales. (AC +2)
You are agile. (Dex +2)
Your mind is acute. (Int +2)


Message History

The white ugly thing is lightly wounded.
The white ugly thing gurgles horribly!
You feel slightly more hungry.
You slash the white ugly thing!
The white ugly thing is moderately wounded.
The white ugly thing pecks you. The white ugly thing freezes you!
You slash the white ugly thing!
The white ugly thing is heavily wounded.
You have got your breath back.
The white ugly thing pecks you. The white ugly thing freezes you!!
* * * LOW HITPOINT WARNING * * *
You slash the white ugly thing!
The white ugly thing is severely wounded.
You block the white ugly thing's attack.
You slash the white ugly thing!
The white ugly thing is almost dead.
The white ugly thing pecks you!
* * * LOW HITPOINT WARNING * * *
The white ugly thing freezes you!!
You die...

..#....#............#..#..,,,,,,,
....#.....................,,,,,,,
.................#.......##****,,
.....[##..................# **,
...#)[...#................#*****,
...##[##...................,,,,,,
...##[###........#......#.#*****,
...##[# #....))(.#......#.# **
...##=###..>)(..@u......#.#
#####).###..)).#..>....##.#
........###........###..#3##
...................# ##.35K####
##........####.....# ##4.K4.K###
#........# ####### #.5K4K.5.5
#........# #....5K..K #........#
#......... #........# #.........


You could see a white ugly thing.

Vanquished Creatures
  A hydra (D:12)
  5 two-headed ogres
  Pikel (D:5)
  An ugly thing (D:12)
  2 cyclopes
  Maurice (D:8)
  Joseph (D:8)
  A gargoyle (D:10)
  6 kobold demonologists (D:11)
  A troll (D:10)
  Prince Ribbit (D:8)
  3 hornets
  A hippogriff (D:10)
  2 wraiths
  A shadow (D:12)
  5 yaks
  3 hogs (D:9)
  A steam dragon (D:10)
  2 hungry ghosts
  A human (D:9)
  A soldier ant (D:11)
  2 water moccasins (D:11)
  2 ice beasts
  5 orc warriors
  2 sky beasts
  8 ogres
  An eye of draining (D:9)
  A phantom (D:10)
  2 centaurs
  5 big kobolds
  5 bullfrogs
  10 scorpions
  2 water moccasin skeletons
  2 killer bees (D:12)
  11 wights
  3 howler monkeys
  2 crimson imps
  2 bullfrog zombies
  5 orc priests
  3 hounds
  13 orc wizards
  A gnoll shaman (D:7)
  A jelly (D:7)
  4 centaur skeletons
  An iguana (D:9)
  6 worker ants
  2 hound skeletons (D:4)
  A howler monkey zombie (D:5)
  4 worker ant zombies
  6 gnolls
  A howler monkey skeleton (D:6)
  10 adders
  3 river rats (Sewer)
  3 shadow imps
  2 oozes
  2 adder zombies (D:7)
  3 worms
  3 leopard geckos
  48 orcs
  5 giant cockroaches
  4 goblins (D:1)
  5 hobgoblins
  14 jackals
  2 quokkas
  A ball python zombie (D:4)
  8 bats
  4 frilled lizards
  A jackal zombie (D:4)
  12 kobolds
  3 quokka skeletons
  5 rats
292 creatures vanquished.

Vanquished Creatures (others)
  A worker ant (D:5)
  An iguana (D:5)
  An orc wizard (D:3)
  An orc (D:10)
  10 plants (D:11)
14 creatures vanquished.

Grand Total: 306 creatures vanquished

Notes
Turn   | Place    | Note
-------+----------+-------------------------------------------
     0 | D:1      | KristoblXynda the Naga Fighter began the quest for the Orb.
     0 | D:1      | Reached XP level 1. HP: 21/21 MP: 1/1
   232 | D:1      | Reached XP level 2. HP: 23/28 MP: 2/2
   887 | D:2      | Reached XP level 3. HP: 20/34 MP: 3/3
  2242 | D:3      | Reached XP level 4. HP: 19/42 MP: 4/4
  2686 | D:3      | Found a burning altar of Makhleb.
  3029 | D:4      | Found Taibb's Antique Weapon Shoppe.
  3053 | D:3      | Reached XP level 5. HP: 26/49 MP: 5/5
  3460 | D:4      | Reached skill level 1 in Stealth
  3554 | D:4      | Found a bloodstained altar of Trog.
  3555 | D:4      | Found an iron altar of Okawaru.
  3632 | D:4      | Became a worshipper of Warmaster Okawaru
  3684 | D:4      | Reached XP level 6. HP: 49/56 MP: 6/6
  3788 | D:4      | Found a burning altar of Makhleb.
  3818 | D:4      | Found a stormy altar of Qazlal.
  3886 | D:4      | Found Qealuan's Gadget Boutique.
  3930 | D:4      | Found a faded altar of an unknown god.
  3930 | D:4      | Found a shattered altar of Ashenzari.
  3935 | D:4      | Found a sparkling altar of Nemelex Xobeh.
  3937 | D:4      | Found a faded altar of an unknown god.
  3938 | D:4      | Found a shimmering altar of Xom.
  3990 | D:4      | Found Rixaqav's Book Boutique.
  4314 | D:5      | Entered Level 5 of the Dungeon
  4320 | D:5      | Reached * piety under Okawaru
  4320 | D:5      | Reached XP level 7. HP: 48/62 MP: 7/7
  4370 | D:5      | Found a glowing drain.
  4407 | Sewer    | Entered a sewer
  4642 | Sewer    | Found a glowing silver altar of Zin.
  4779 | D:5      | Found an ornate altar of the Wu Jian Council.
  4857 | D:5      | Noticed Pikel
  4877 | D:5      | Killed Pikel
  4877 | D:5      | Reached ** piety under Okawaru
  4877 | D:5      | Reached skill level 5 in Long Blades
  4877 | D:5      | Reached XP level 8. HP: 50/69 MP: 8/8
  4929 | D:5      | Reached skill level 5 in Shields
  4959 | D:5      | Reached skill level 5 in Armour
  5260 | D:6      | Noticed a hornet
  5273 | D:6      | Killed a hornet
  5273 | D:6      | Reached *** piety under Okawaru
  5859 | D:6      | Reached XP level 9. HP: 75/75 MP: 9/9
  6164 | D:6      | You fall through a shaft!
  6232 | D:7      | Reached skill level 1 in Invocations
  6609 | D:7      | Found a staircase to the Ecumenical Temple.
  6617 | Temple   | Entered the Ecumenical Temple
  7593 | D:7      | Reached skill level 1 in Evocations
  8143 | D:7      | Found a shadowy altar of Dithmenos.
  8201 | D:8      | Noticed Prince Ribbit
  8375 | D:8      | Reached **** piety under Okawaru
  8606 | D:8      | Noticed Maurice
  8615 | D:8      | Killed Maurice
  8615 | D:8      | Reached XP level 10. HP: 84/84 MP: 12/12
  8681 | D:8      | Gained mutation: Your mind is acute. (Int +2) [potion of mutation]
  8681 | D:8      | Gained mutation: You are partially covered in yellow scales. (AC +2) [potion of mutation]
  8681 | D:8      | Gained mutation: You are agile. (Dex +2) [potion of mutation]
  8837 | D:8      | Killed Prince Ribbit
  8837 | D:8      | Reached skill level 10 in Stealth
  9023 | D:8      | Found Fymaud's Jewellery Boutique.
  9328 | D:8      | Noticed Joseph
  9348 | D:8      | Killed Joseph
  9404 | D:9      | Reached skill level 10 in Shields
  9404 | D:9      | Reached XP level 11. HP: 90/90 MP: 14/14
  9442 | D:9      | Reached skill level 1 in Dodging
  9463 | D:9      | Reached ***** piety under Okawaru
  9538 | D:9      | Found a hide-covered altar of Uskayaw.
  9562 | D:9      | Noticed a two-headed ogre
  9572 | D:9      | Killed a two-headed ogre
  9572 | D:9      | Reached skill level 5 in Invocations
 10813 | D:10     | Entered Level 10 of the Dungeon
 10873 | D:10     | Got a smoking scale mail
 10884 | D:10     | Identified the +11 scale mail of the Blessed Realm {+Blink +Inv rCorr} (You found it on level 10 of the Dungeon)
 10969 | D:10     | Reached skill level 5 in Evocations
 11482 | D:10     | Noticed a cyclops
 11522 | D:10     | Killed a cyclops
 11671 | D:11     | Reached XP level 12. HP: 97/97 MP: 16/16
 11766 | D:11     | Received a gift from Okawaru
 11769 | D:11     | Got a faintly glowing naga barding {god gift}
 11776 | D:11     | Identified the +1 naga barding of the Trombone {MP+9} (Okawaru gifted it to you on level 11 of the Dungeon)
 12272 | D:11     | Noticed a soul eater
 12366 | D:12     | Noticed a two-headed ogre
 12379 | D:12     | Killed a two-headed ogre
 12458 | D:12     | Noticed a four-headed hydra
 12470 | D:12     | Killed a 12-headed hydra
 12470 | D:12     | Reached ****** piety under Okawaru
 12699 | D:12     | Noticed a two-headed ogre
 12714 | D:12     | Killed a two-headed ogre
 12747 | D:12     | Noticed a two-headed ogre
 12760 | D:12     | Killed a two-headed ogre
 13016 | D:12     | Noticed a two-headed ogre
 13029 | D:12     | Killed a two-headed ogre
 13262 | D:13     | Found a gate to the Vaults.
 13262 | D:13     | Noticed a two-headed ogre
 13262 | D:13     | Noticed Urug
 13262 | D:13     | Noticed a centaur warrior
 13262 | D:13     | Noticed a five-headed hydra
 13311 | D:13     | Noticed a catoblepas
 13400 | D:11     | Reached skill level 5 in Dodging
 13406 | D:11     | Noticed a sun demon
 13608 | D:11     | Mangled by a white ugly thing

Vault maps used:
D:1:      saegor_arrival_miasma, minmay_misc_feat_chi
D:2:      kennysheep_generic_room_4
D:3:      solitary_fountain, bloody_makhleb
D:4:      kennysheep_mini, nicolae_qazlal_eye_of_the_storm,
          chequers_temple_overflow_minitemple, grunt_temple_overflow_bloody_war,
          serial_shops, shop, shop, nicolae_shop_waterfront, serial_undead,
          serial_undead_c, serial_undead_e, serial_undead_d, serial_undead_c,
          kennysheep_opposing_triangles
D:5:      lemuel_doored_altar, cheibrodos_sewer_entry_bend, first_ration,
          minivault_19, serial_park_tiny_2, uniq_pikel
D:7:      minmay_temple_entry_overgrown, basic_altar
D:8:      serial_shops, shop, uniq_prince_ribbit1, uniq_joseph, uniq_maurice
D:9:      nicolae_overflow_crystal_walls, grunt_livestock, minmay_misc_feat_iff
D:10:     st_stairs_10, nicolae_twisting_strands
D:11:     david_lair_shrubbed, orc_0_dummy
D:13:     david_vaults_3, evilmike_ruin_ashenzari
Temple:   oiseaux_autumnal_temple
Sewer:    sewer_kobolds

Skill      XL: |  1  2  3  4  5  6  7  8  9 10 11 12 |
---------------+-------------------------------------+-----
Armour         | 3 4 5 6 |  6.0
Shields        | 3 4 5 10 | 10.1
Long Blades    | 3 4 5 6 7 8 9 |  9.8
Stealth        | 1 3 6 7 9 10 | 10.0
Invocations    | 3 4 6 8 |  8.2
Evocations     | 3 5 7 |  7.3
Dodging        | 3 5 |  5.1
Fighting       | |  3.0

Action                   |  1- 3 |  4- 6 |  7- 9 | 10-12 || total
-------------------------+-------+-------+-------+-------++-------
Melee: Long sword        |   105 |   163 |   234 |       ||   502
       Falchion          |       |       |    74 |   457 ||   531
       Scimitar          |       |       |       |   181 ||   181
 Abil: Spit Poison       |    10 |     9 |    15 |    16 ||    50
Evoke: Wand              |       |       |     1 |     3 ||     4
  Use: Scroll            |     7 |     7 |     7 |    13 ||    34
       Potion            |       |     1 |     3 |     6 ||    10
 Stab: Sleeping          |       |       |    11 |     4 ||    15
       Paralysed         |       |       |     4 |    12 ||    16
       Distracted        |       |       |       |     2 ||     2
  Eat: Chunk             |     2 |     3 |       |     5 ||    10
       Ration            |       |     2 |     4 |     3 ||     9
Armor: Scale mail        |    61 |    83 |       |   145 ||   289
       Ring mail         |       |    10 |    94 |    36 ||   140
       Skin              |       |       |    38 |   116 ||   154
Dodge: Dodged            |    26 |    48 |    84 |   131 ||   289
Block: Shield            |    68 |   154 |   106 |   565 ||   893
       Reflection        |       |       |     3 |    18 ||    21
       Buckler           |       |       |   115 |    20 ||   135
       Rpst.: Long sword |     8 |    21 |    18 |       ||    47
       Falchion          |       |       |    12 |    27 ||    39
       Scimitar          |       |       |       |     7 ||     7

Table legend:
 A = Spawn XP
 B = Non-spawn XP
 C = Spawn XP percentage of total XP
 D = Spawn monster count
 E = Non-spawn monster count
 F = Spawn count percentage of total count
 G = Total turns spent on level
                    A         B        C        D         E        F      G
               +---------+---------+-------+---------+---------+-------+---------
         Total |       0 |   24409 |   0.0 |       0 |     295 |   0.0 | 13608
               +---------+---------+-------+---------+---------+-------+---------
           D:1 |       0 |      33 |   0.0 |       0 |      17 |   0.0 |   896
           D:2 |       0 |      43 |   0.0 |       0 |      12 |   0.0 |  1204
           D:3 |       0 |     120 |   0.0 |       0 |      13 |   0.0 |  1169
           D:4 |       0 |     383 |   0.0 |       0 |      30 |   0.0 |  1260
           D:5 |       0 |    1138 |   0.0 |       0 |      18 |   0.0 |   691
           D:6 |       0 |     827 |   0.0 |       0 |      16 |   0.0 |  1387
           D:7 |       0 |    1084 |   0.0 |       0 |      28 |   0.0 |  1071
           D:8 |       0 |    2153 |   0.0 |       0 |      22 |   0.0 |  1224
           D:9 |       0 |    3355 |   0.0 |       0 |      31 |   0.0 |  1412
          D:10 |       0 |    2996 |   0.0 |       0 |      32 |   0.0 |   844
          D:11 |       0 |    5720 |   0.0 |       0 |      47 |   0.0 |   957
          D:12 |       0 |    6417 |   0.0 |       0 |      19 |   0.0 |   990
         Sewer |       0 |     140 |   0.0 |       0 |      10 |   0.0 |   275
               +---------+---------+-------+---------+---------+-------+---------
